 Dungeon Crawl Stone Soup version 0.29.1-15-g9cfb28693d (webtiles) character file.

Game seed: 17558556485977262691

25984 Gabide the Grappler (level 12, -12/100 HPs)
             Began as a Mummy Berserker on Apr 13, 2023.
             Was a High Priest of Trog.
             Mangled by Urug
             ... wielding a +4 great sword of holy wrath
              (18 damage)
             ... on level 4 of the Lair of Beasts.
             The game lasted 00:34:25 (16202 turns).

Gabide the Grappler (Mummy Berserker)              Turns: 16202, Time: 00:34:25

Health: -12/100    AC: 14    Str: 26    XL:     12   Next: 94%
Magic:  12/12      EV: 17    Int:  6    God:    Trog [*****.]
Gold:   587        SH:  0    Dex: 17    Spells: 11/11 levels left

rFire   + + .      SeeInvis .     - Unarmed
rCold   . . .      Faith    .   (no shield)
rNeg    + + +      Spirit   .   c - +3 salamander hide armour {Flames rF++ rC--}
rPois   ∞          Reflect  .   g - +2 helmet
rElec   .          Harm     .   t - +2 cloak
rCorr   .          Rampage  +   v - +0 pair of gloves
Will    +++..                   m - +0 pair of boots
Stlth   +.........              r - amulet of Vikhoh {Rampage +Blink rC+ Regen+}
HPRegen 2.06/turn               f - +6 ring of dexterity
MPRegen 0.13/turn               i - ring of protection from fire

@: strong-willed, regenerating
A: cold resistance 1, negative energy resistance 3, torment resistance 2, heat
vulnerability 1, in touch with death 1, no potions
a: Renounce Religion, Evoke Blink, Trog's Hand, Brothers in Arms


You were on level 4 of the Lair of Beasts.
You worshipped Trog.
Trog was extremely pleased with you.
You visited 2 branches of the dungeon, and saw 13 of its levels.

You collected 807 gold pieces.
You spent 220 gold pieces at shops.

Inventory:

Missiles
 e - 60 poisoned darts (quivered)
 q - 7 javelins
Armour
 c - the +3 salamander hide armour (worn) {Flames rF++ rC--}
   (You found it on level 3 of the Lair of Beasts)

   It surrounds you with a cloud of flames.
   It grants immunity to clouds of flame.
   It enhances your fire magic.
   rF:        It greatly protects you from fire.
   rC:        It makes you very vulnerable to cold.
 g - a +2 helmet (worn)
 m - a +0 pair of boots (worn)
 s - +0 steam dragon scales
 t - a +2 cloak (worn)
 v - a +0 pair of gloves (worn)
 A - a +1 ring mail of cold resistance
 E - a +0 troll leather armour
Jewellery
 f - a +6 ring of dexterity (left hand)
 i - a ring of protection from fire (right hand)
 j - the ring "Xinic" {Fly rN+ rCorr}
   (You bought it in a shop on level 8 of the Dungeon)

   [ring of flight]

   rN:        It protects you from negative energy.
   Fly:       It grants you flight.
   rCorr:     It protects you from acid and corrosion.
 r - the amulet of Vikhoh (around neck) {Rampage +Blink rC+ Regen+}
   (You found it on level 2 of the Lair of Beasts)

   [amulet of regeneration]

   rC:        It protects you from cold.
   +Blink:    It lets you blink.
   Regen:     It increases your rate of health regeneration.
   Rampage:   It bestows one free step when moving towards enemies.
 w - a ring of see invisible
Wands
 a - a wand of flame (29)
 u - a wand of paralysis (5)
 D - a wand of roots (3)
Scrolls
 b - 4 scrolls of magic mapping
 d - a scroll of silence
 p - 5 scrolls of teleportation
 y - a scroll of blinking
 z - a scroll of fog
 B - 3 scrolls of identify
Miscellaneous
 h - a phial of floods


   Skills:
 + Level 11.6 Fighting
 - Level 1.5 Armour
 + Level 9.5 Dodging
 * Level 13.4 Unarmed Combat


You had 11 spell levels left.
You didn't know any spells.
Your spell library was empty.

Dungeon Overview and Level Annotations

Branches:
Dungeon (9/15)             Temple (0/1) D:7            Lair (4/5) D:9
  Swamp (0/4) Lair:3        Snake (0/4) Lair:3
  Slime: Lair:4-5       Orc: D:9-12

Altars:
Ashenzari
Gozag
Hepliaklqana
Okawaru
Trog
Xom
Yredelemnul

Shops:
D:1 [   D:8 *

Annotations:
D:8 3 runed translucent doors
D:9 2 transporters, crompyre's ghost, novice VSBr
Lair:4 Urug


Innate Abilities, Weirdness & Mutations

You are immune to poison.
Your flesh is cold resistant. (rC+)
You are immune to negative energy. (rN+++)
You are immune to unholy pain and torment.
You are vulnerable to heat. (rF-)
You are in touch with the powers of death.
You do not drink.


Message History

Urug easily resists.
The water moccasin hisses angrily.
The yak is engulfed in blazing flames.
The yak gores you.
You barely miss the yak.
The yak is heavily wounded.
The yak is engulfed in blazing flames.
The yak barely misses you.
The yak is engulfed in blazing flames.
The yak gores you but does no damage.
Urug screams, "All you harpies will die!"
You punch the yak!
You kill the yak!
Trog accepts your kill.
The yak is engulfed in blazing flames.
The yak barely misses you.
Urug is engulfed in blazing flames.
Urug hits you with a +4 great sword of holy wrath!
You convulse!
You barely miss Urug.
Urug is lightly wounded.
Urug is engulfed in blazing flames.
Urug hits you with a +4 great sword of holy wrath!
You convulse.
The yak is engulfed in blazing flames.
The yak gores you but does no damage.
You closely miss Urug.
Urug is moderately wounded.
You pummel Urug!! Your punch misses Urug.
Urug is severely wounded.
The yak is engulfed in blazing flames.
The yak gores you but does no damage.
Urug is engulfed in blazing flames.
Urug hits you with a +4 great sword of holy wrath!!
You convulse!
The yak is engulfed in blazing flames.
You kill the yak!
Trog accepts your kill.
You closely miss Urug.
Urug is almost dead.
The yak is engulfed in blazing flames.
The yak gores you!
* * * LOW HITPOINT WARNING * * *
Urug is engulfed in blazing flames.
Urug hits you with a +4 great sword of holy wrath!!
* * * LOW HITPOINT WARNING * * *
You convulse!!
You die...

### ##### ####.#### ##
..#.#####P##...P#####.#.
........................
##............†.†.......
##....#.##..###....#..
##......# #...##○Y..#
##.....####.†###@S..#
###....###...# #YoY.#
.#.....#.#...# .Y...#
........##..###.....#
.#.....###.## #......#
###.....#..P###.....##
###..................
......................
..................


You could see Urug, 3 yaks, a water moccasin and a dream sheep.

Vanquished Creatures
  Fannar (Lair:3)
  2 hydras
  A catoblepas (Lair:4)
  A two-headed ogre (D:5)
  The ghost of Henri the Tainter, a novice OpVM of Gozag (D:6)
  An oklob plant (D:6)
  4 elephants (Lair:2)
  6 black mambas
  6 cane toads
  A kobold demonologist (D:9)
  8 komodo dragons
  A troll (D:9)
  16 blink frogs
  12 dream sheep
  16 yaks
  A wyvern (Lair:2)
  A basilisk (Lair:1)
  2 steam dragons
  An acid dragon (D:9)
  2 ice beasts
  9 water moccasins
  An orc warrior (D:9)
  3 black bears
  2 ogres
  12 wolves
  A centaur (D:9)
  3 phantoms
  10 kobold brigands
  6 bullfrogs
  5 scorpions
  2 necrophages
  4 wights (D:4)
  A howler monkey (D:7)
  7 jellies (D:6)
  3 gnoll boudas
  4 orc priests
  2 hounds (D:6)
  4 iguanas
  Terence (D:2)
  5 orc wizards
  Robin (D:2)
  18 gnolls
  6 adders
  A white imp (D:8)
  An ufetubus (D:5)
  A worm (D:2)
  2 dart slugs
  38 orcs
  13 endoplasms
  3 giant cockroaches
  14 goblins
  12 hobgoblins
  2 quokkas
  6 ball pythons
  4 bats
  3 frilled lizards
  21 kobolds
  3 rats
  A spectral kobold (D:4)
319 creatures vanquished.

Vanquished Creatures (collateral kills)
  A hydra (Lair:3)
  A komodo dragon (Lair:3)
  A bullfrog (Lair:3)
3 creatures vanquished.

Vanquished Creatures (others)
  25 fungi
  34 plants
59 creatures vanquished.

Grand Total: 381 creatures vanquished

Notes
Turn   | Place    | Note
-------+----------+-------------------------------------------
     0 | D:1      | Gabide the Mummy Berserker began the quest for the Orb.
     0 | D:1      | Reached XP level 1. HP: 18/18 MP: 1/1
   233 | D:1      | Reached XP level 2. HP: 11/24 MP: 2/2
  1117 | D:2      | Identified the ring "Tiuxism" {Fly rPois rN+ Will- rCorr}
  1239 | D:2      | Reached skill level 3 in Unarmed Combat
  1251 | D:2      | Reached ** piety under Trog
  1252 | D:2      | Gained mutation: You are in touch with the powers of death.
                  | [Mummy growth]
  1252 | D:2      | Reached XP level 3. HP: 20/29 MP: 3/3
  1563 | D:2      | Noticed Robin
  1572 | D:2      | Killed Robin
  1889 | D:2      | Noticed Terence
  1975 | D:2      | Killed Terence
  1976 | D:2      | Reached XP level 4. HP: 26/35 MP: 4/4
  2861 | D:1      | Bought a +0 pair of boots for 45 gold pieces
  2932 | D:3      | Reached XP level 5. HP: 42/42 MP: 5/5
  3215 | D:3      | Reached skill level 4 in Unarmed Combat
  3294 | D:3      | Identified the +7 chain mail "Qietaf" {Will- Int+2 SInv}
  3534 | D:3      | Found a faded altar of an unknown god.
  3890 | D:3      | You fall into a shaft and drop 3 floors!
  3931 | D:6      | Reached XP level 6. HP: 44/48 MP: 6/6
  4007 | D:6      | Found a runed translucent door.
  4007 | D:6      | Noticed Henri's ghost (novice OpVM)
  4044 | D:5      | Entered Level 5 of the Dungeon
  4211 | D:4      | Reached *** piety under Trog
  4951 | D:4      | Reached skill level 5 in Unarmed Combat
  4951 | D:4      | Reached XP level 7. HP: 55/55 MP: 7/7
  5748 | D:4      | Found a bloodstained altar of Trog.
  5920 | D:4      | Found a hazy altar of Hepliaklqana.
  6057 | D:5      | Reached skill level 5 in Fighting
  6531 | D:5      | Reached skill level 6 in Unarmed Combat
  6531 | D:5      | Reached XP level 8. HP: 55/63 MP: 8/8
  6643 | D:5      | Noticed a two-headed ogre
  6648 | D:5      | Killed a two-headed ogre
  6649 | D:5      | Reached skill level 7 in Unarmed Combat
  7020 | D:5      | Found a basalt altar of Yredelemnul.
  7063 | D:5      | Found a shimmering altar of Xom.
  7125 | D:6      | Reached skill level 5 in Dodging
  7399 | D:6      | Reached XP level 9. HP: 70/71 MP: 9/9
  7662 | D:6      | Reached **** piety under Trog
  7852 | D:6      | Noticed an oklob plant
  7933 | D:6      | Reached skill level 8 in Unarmed Combat
  8116 | D:6      | Killed an oklob plant
  8723 | D:6      | Killed Henri's ghost
  9106 | D:7      | Found a staircase to the Ecumenical Temple.
  9393 | D:7      | Reached skill level 9 in Unarmed Combat
  9393 | D:7      | Reached XP level 10. HP: 76/80 MP: 10/10
  9600 | D:8      | Found Deofo's Assorted Antiques.
  9610 | D:8      | Bought a heavily runed turquoise ring for 175 gold pieces
  9610 | D:8      | Identified the ring "Xinic" {Fly rN+ rCorr} (You bought it
                  | in a shop on level 8 of the Dungeon)
  9834 | D:8      | Found a runed translucent gate.
  9834 | D:8      | Found a runed translucent gate.
  9834 | D:8      | Found a runed translucent gate.
  9834 | D:8      | Noticed a red ugly thing
  9834 | D:8      | Noticed a brown ugly thing
  9834 | D:8      | Noticed a red ugly thing
  9835 | D:8      | Noticed a purple ugly thing
  9835 | D:8      | Noticed a brown ugly thing
 10626 | D:9      | Noticed crompyre's ghost (novice VSBr)
 10637 | D:9      | Found a transporter.
 10659 | D:9      | Found an opulent altar of Gozag.
 10854 | D:9      | Found a transporter.
 11023 | D:9      | Found an iron altar of Okawaru.
 11025 | D:9      | Found a broken altar of Ashenzari.
 11683 | D:9      | Found a staircase to the Lair.
 11753 | D:9      | Noticed an orange demon
 11762 | D:9      | Reached skill level 10 in Unarmed Combat
 11981 | Lair:1   | Entered Level 1 of the Lair of Beasts
 12020 | Lair:1   | Noticed a cane toad
 12043 | Lair:1   | Killed a cane toad
 12044 | Lair:1   | Reached XP level 11. HP: 83/89 MP: 11/11
 12360 | Lair:1   | Reached skill level 11 in Unarmed Combat
 12924 | Lair:1   | Reached skill level 10 in Fighting
 13721 | Lair:2   | Identified the amulet of Vikhoh {Rampage +Blink rC+ Regen+}
 14033 | Lair:2   | Noticed a five-headed hydra
 14037 | Lair:2   | Killed a five-headed hydra
 14038 | Lair:2   | Reached skill level 12 in Unarmed Combat
 14038 | Lair:2   | Reached XP level 12. HP: 98/98 MP: 12/12
 14300 | Lair:2   | Identified the +3 short sword "Deem" {venom, rPois Will++}
 15149 | Lair:3   | Noticed Fannar
 15176 | Lair:3   | Killed Fannar
 15180 | Lair:3   | Found a staircase to the Snake Pit.
 15342 | Lair:3   | Noticed a seven-headed hydra
 15351 | Lair:3   | Killed a seven-headed hydra
 15351 | Lair:3   | Reached ***** piety under Trog
 15360 | Lair:3   | Noticed a seven-headed hydra
 15372 | Lair:3   | Killed a seven-headed hydra
 15424 | Lair:3   | Found a staircase to the Swamp.
 15680 | Lair:3   | Found the +3 salamander hide armour {Flames rF++ rC--}
 15698 | Lair:3   | Reached skill level 13 in Unarmed Combat
 16115 | Lair:4   | Noticed a catoblepas
 16127 | Lair:4   | Killed a catoblepas
 16190 | Lair:4   | Noticed Urug
 16202 | Lair:4   | Mangled by Urug

Illustrated notes

Levels and vault maps discovered:
D:1:      dpeg_arrival_connections, layout_basic, serial_shops, shop,
          dk_noncrumbling_2
D:2:      layout_loops_corners, minmay_pentomino_o4, uniq_robin, uniq_terence
D:3:      layout_basic, basic_ecumenical_altar, nicolae_titane
D:4:      layout_basic, nicolae_hepliaklqana_monster_ancestors, trog_book
D:5:      layout_loops_ring, mainiacjoe_overflow_tiny_flanked,
          lemuel_doored_altar, lemuel_round_altar, minmay_strange_pillars
D:6:      lemuel_slime, layout_loops_ring, hellmonk_ghost_happy_afterlife,
          kennysheep_generic_room_16
D:7:      layout_loops_cross, minmay_temple_entry_ruins
D:8:      layout_gridville, serial_shops, nicolae_shop_overgrown_old_shop,
          ploomutoo_gammafunk_ghost_potion_laboratory
D:9:      layout_loops_corners, nicolae_gozag_seed_capital,
          nicolae_overflow_hidden_temple, david_lair_shrubbed,
          gammafunk_ghost_stat_death, special_room [special_room_kobold]
Lair:1:   layout_loops_ring, small_statue_intersection
Lair:2:   layout_cave_pods, serial_rivers, chequers_serial_rivers_small_3,
          chequers_serial_rivers_micro_c, chequers_serial_rivers_room_a,
          chequers_serial_rivers_large_a
Lair:3:   layout_cave_pods, palyth_hydra_swamp_entry,
          minmay_snake_entry_six_corridors, infiniplex_staircase_pool,
          uniq_fannar
Lair:4:   layout_regular_city, dpeg_slime_entry_enclosed, uniq_snorg, uniq_urug

Skill      XL: |  1  2  3  4  5  6  7  8  9 10 11 12 |
---------------+-------------------------------------+-----
Unarmed Combat | 3 4 5 6 7 9 10 12 13 | 13.4
Dodging        | 2 3 4 5 6 7 8 9 |  9.5
Fighting       | 4 5 6 7 9 10 11 | 11.6
Armour         | |  1.5

Action                   |  1- 3 |  4- 6 |  7- 9 | 10-12 || total
-------------------------+-------+-------+-------+-------++-------
Melee: Unarmed           |   100 |   214 |   303 |   711 ||  1328
       Punch             |     4 |     6 |    13 |    47 ||    70
Throw: Dart              |    21 |     5 |    39 |    83 ||   148
       Javelin           |    13 |    15 |    37 |    45 ||   110
       Throwing net      |       |       |     1 |     4 ||     5
Invok: Trog's Hand       |     2 |     1 |     6 |     9 ||    18
       Brothers in Arms  |       |       |       |     1 ||     1
Evoke: Wand              |       |       |     4 |    20 ||    24
  Use: Scroll            |     6 |     2 |     8 |    10 ||    26
 Stab: Held in net/web   |       |       |     2 |     3 ||     5
       Invisible         |       |       |     1 |       ||     1
       Paralysed         |       |       |       |    25 ||    25
Armor: Animal skin       |    28 |     2 |       |       ||    30
       Ring mail         |       |    55 |    78 |       ||   133
       Steam dragon scal |       |       |       |    33 ||    33
       Troll leather arm |       |       |       |   182 ||   182
       Leather armour    |       |       |       |     7 ||     7
Dodge: Dodged            |    81 |   115 |   151 |   481 ||   828
